Map: Frozen Temple

Players

Della - Winner!

  • Race: Terran Terran
  • Spawn Location: 11:00

Fropez

  • Race: Protoss Protoss
  • League: Silver
  • Spawn Location: 5:00

VOD

Have the link to the VOD?

Description

Time

  • Played on: May 17, 2016, 10:05 p.m.
  • Length: 10:00
Show
View Real Time Build Order
Export as new Build Order

Della Terran - Winner!

Build Orders:  

Get SALT Encoding   

  12  0:01  SCV  
  13  0:13  SCV  
  14  0:27  Supply Depot  
  14  0:31  SCV  
  15  0:38  Refinery  
  15  0:48  SCV  
  16  0:53  Barracks  
  16  1:01  SCV  
  17  1:13  SCV, Barracks  
  18  1:22  Refinery  
  18  1:26  SCV  
  19  1:38  SCV  
  20  1:43  Supply Depot  
  20  1:51  SCV, Factory  
  21  1:58  Barracks Tech Lab  
  21  2:03  SCV  
  21  2:05  Barracks Reactor  
  23  2:15  SCV  
  23  2:18  Supply Depot  
  23  2:24  Marauder  
  25  2:35  Orbital Command  
  25  2:39  Factory Tech Lab  
  25  2:47  Starport  
  25  2:52  Marine x2  
  27  3:05  Barracks  
  27  3:11  SCV  
  28  3:27  Marauder  
  28  3:31  Marine x2  
  32  3:41  Starport Reactor  
  32  3:43  Siege Tank  
  35  3:52  Engineering Bay  
  35  3:54  Marine x2  
  37  3:57  Barracks Reactor  
  37  4:18  Medivac x2  
  37  4:22  Marine  
  37  4:23  Marine  
  43  4:26  Marauder  
  45  4:39  Siege Tank  
  45  4:43  Marine  
  45  4:44  Marine  
  50  5:11  Marine x2  
  50  5:12  Marine x2  
  44  5:28  Medivac x2  
  48  5:47  Barracks Tech Lab  
  48  5:49  Marine x2  
  50  5:51  Marine x2  
  50  5:54  Terran Infantry Weapons Level 1  
  52  6:01  Command Center  
  52  6:10  Medivac  
  52  6:11  Missile Turret  
  54  6:26  Marine  
  54  6:32  Combat Shields  
  55  6:53  Marine x3  
  55  6:54  Marauder, Medivac  
  62  6:55  SCV  
  63  7:09  Supply Depot  
  63  7:13  SCV  
  64  7:20  Marine x2  
  64  7:21  Marine x2, Refinery  
  68  7:25  SCV  
  68  7:29  Marauder  
  71  7:37  SCV  
  72  8:05  Marine  
  72  8:06  Marine x3  
  72  8:08  Marauder  
  72  8:10  Viking x2  
  82  8:23  Marine  
Show
View Real Time Build Order
Export as new Build Order

Fropez Protoss 

Build Orders: Blink Stalkers 

Get SALT Encoding   

  12  0:01  Probe (Chrono Boost)  
  13  0:18  Pylon  
  14  0:21  Probe (Chrono Boost)  
  14  0:32  Probe (Chrono Boost)  
  15  0:42  Probe (Chrono Boost), Gateway  
  16  0:53  Probe (Chrono Boost), Assimilator  
  17  1:03  Probe (Chrono Boost)  
  18  1:09  Gateway  
  18  1:14  Probe (Chrono Boost)  
  18  1:17  Assimilator  
  19  1:24  Probe (Chrono Boost)  
  20  1:33  Cybernetics Core  
  20  1:44  Pylon  
  20  1:46  Probe (Chrono Boost)  
  21  1:56  Probe (Chrono Boost)  
  22  2:02  Pylon  
  22  2:06  Pylon  
  22  2:07  Probe (Chrono Boost)  
  23  2:13  Stalker  
  25  2:20  Stalker  
  27  2:24  Warp Gate (Chrono Boost)  
  27  2:28  Probe  
  28  2:40  Probe  
  28  2:42  Twilight Council  
  29  2:49  Stalker  
  31  2:52  Probe  
  32  3:00  Stalker  
  32  3:04  Probe  
  35  3:17  Probe  
  36  3:24  Stalker  
  38  3:29  Probe  
  39  3:37  Blink (Chrono Boost)  
  39  4:00  Cybernetics Core  
  39  4:11  Gateway  
  39  4:15  Pylon  
  39  4:22  Stalker x2  
  44  4:39  Mothership Core  
  45  4:53  Gateway  
  45  5:18  Gateway  
  45  5:22  Robotics Facility x2  
  45  5:28  Probe  
  46  5:43  Pylon  
  46  5:48  Stalker x3  
  52  6:13  Probe  
  53  6:25  Probe  
  53  6:31  Nexus  
  54  6:34  Assimilator  
  54  6:35  Immortal  
  54  6:36  Immortal  
  54  6:37  Assimilator  
  54  6:39  Pylon  
  62  6:44  Pylon  
  62  6:46  Pylon  
  62  7:09  Probe  
  62  7:15  Immortal  
  67  7:22  Gateway, Immortal  
  71  7:33  Forge  
  71  7:42  Probe  
  72  7:45  Forge  
  72  7:55  Probe  
  73  8:01  Probe  
  74  8:07  Warp Prism  
  76  8:22  Stalker  
  76  8:23  Stalker  
  69  8:49  Stalker x5  
  56  9:36  Stalker x2  
  56  9:40  Gateway  
  56  9:42  Gateway  
  56  9:45  Gateway  
Tags
 
Composition
Blink Stalkers
League
Silver
Matchup
PvT
Replay Pack
All Mines
Spawn Locations
Cross Positions
Add a new tag
Caveats
  • Supply blocks, unpowered buildings, or Contaminate may cause inaccurate times.
  • Supply counts are checked every 10 seconds.